 Dungeon Crawl Stone Soup version 0.30.0-19-gbf45117a57 (webtiles) character file.

Game seed: 1337891704511191786

2348 qw the Cleaver (level 9, -4/57 HPs)
             Began as a Gargoyle Fighter on May 23, 2023.
             Was an Initiate of Okawaru.
             Slain by Maurice
             ... wielding a +0 club
              (11 damage)
             ... on level 8 of the Dungeon.
             The game lasted 00:02:30 (6735 turns).

qw the Cleaver (Gargoyle Fighter)                   Turns: 6735, Time: 00:02:31

Health: -4/57      AC: 24    Str: 24    XL:     9   Next: 43%
Magic:  9/9        EV:  7    Int:  9    God:    Okawaru [......]
Gold:   177        SH:  4    Dex:  9    Spells: 8/8 levels left

rFire   . . .        Y - +4 war axe (freeze)
rCold   . . .        c - +0 buckler
rNeg    + . .        k - +0 plate armour
rPois   inf          f - +2 hat {Stlth+}
rElec   +            j - +1 cloak
rCorr   .            (no gloves)
SInv    .            (no boots)
Will    +....        (no amulet) Stlth
                     q - ring of willpower
HPRegen 0.29/turn    (no ring)
MPRegen 0.11/turn

%: no passive effects
@: no status effects
A: sickness immunity, AC +6, negative energy resistance 1, electricity
resistance, torment resistance 1, petrification resistance, iridescent scales 1,
wild magic 1, evolution 1
a: Renounce Religion


You were on level 8 of the Dungeon.
You worshipped Okawaru.
Okawaru was noncommittal.
You visited 2 branches of the dungeon, and saw 9 of its levels.

You collected 354 gold pieces.
You spent 177 gold pieces at shops.


Innate Abilities, Weirdness & Mutations

You are immune to sickness and miasma.
Your stone body is resilient. (AC +6)
You are immune to poison.
You resist negative energy. (rN+)
You are resistant to electric shocks. (rElec)
You are resistant to unholy torment.
You are immune to petrification.
You are partially covered in iridescent scales. (AC +2)
Your spells are a little harder to cast, but a little more powerful.
You have hidden genetic potential.


   Skills:
 - Level 7.0 Fighting
 - Level 9.0 Axes
 - Level 2.3 Throwing
 + Level 4.8 Armour
 - Level 1.2 Dodging
 - Level 4.2 Shields


You had 8 spell levels left.
You didn't know any spells.
Your spell library was empty.

Inventory:

Hand Weapons
 e - a +0 flail
 Y - a +4 war axe of freezing (weapon)
Armour
 c - a +0 buckler (worn)
 f - a +2 hat of stealth (worn)
 j - a +1 cloak (worn)
 k - a +0 plate armour (worn)
Jewellery
 q - a ring of willpower (left hand)
Scrolls
 n - 2 scrolls of identify
 o - 3 scrolls of teleportation
Potions
 a - 3 potions of curing
 b - a potion of mutation
 d - 2 potions of might
 g - a potion of lignification
 i - a potion of haste
 l - a potion of heal wounds
 m - 3 potions of attraction

Dungeon Overview and Level Annotations

Branches:
Dungeon (8/15)             Temple (1/1) D:6
   Lair: D:8-11

Altars:
Ashenzari
Cheibriados
Dithmenos
Elyvilon
Fedhas
Gozag
Hepliaklqana
Kikubaaqudgha
Makhleb
Okawaru
Ru
Sif Muna
Trog
Vehumet
Wu Jian
Xom
Yredelemnul
Zin
The Shining One

Shops:
D:6 *

Annotations:
D:8 Maurice


Message History

You barely miss the yak.
The yak is almost dead.
You hit the yak but do no damage. You hit the yak. You freeze the yak.
You hit the yak. You freeze the yak. You barely miss the yak.
You closely miss something. You miss the water moccasin.
The water moccasin barely misses you. The yak closely misses you.
The yak gores you. The yak gores you but does no damage.
The yak completely misses you. You block the yak's attack.
Something hits you but does no damage.
You hit the yak but do no damage.
The yak is almost dead.
You barely miss the water moccasin. You hit the yak. You freeze the yak.
You kill the yak!
The yak's corpse dissolves into shadows!
You hit the yak. You freeze the yak. You slash the yak! You freeze the yak.
You kill the yak!
The yak's corpse dissolves into shadows!
You slash the yak! You freeze the yak. You hit something.
The water moccasin bites you but does no damage.
The yak barely misses you. The water moccasin barely misses you.
The yak gores you but does no damage. x2; You block something's attack.
You slash the yak! You freeze the yak.
You kill the yak!
The yak's corpse dissolves into shadows!
You barely miss the water moccasin. You slash the yak! You freeze the yak.
You slash the yak! You freeze the yak. You hit the yak but do no damage.
You miss something. The water moccasin bites you. The yak gores you.
The yak closely misses you. The yak gores you but does no damage.
Something hits you but does no damage. The bullfrog barely misses you.
You barely miss the yak.
The yak is severely wounded.
You closely miss the bullfrog. You closely miss the water moccasin.
You slash the yak! You freeze the yak. You slash the yak! You freeze the yak.
You hit something.
The water moccasin bites you but does no damage.
The bullfrog hits you but does no damage.
The yak gores you but does no damage. x2; The yak gores you!
The water moccasin bites you. Something hits you!
You die...

?..........#
.......#.>.#
#..........#
#..........###
#..........!.##
#.........!#..##
#.....{YY.......
#.....F@........
#.....S.Y.......
#.......#.##....
#.......#.# ##.
#.......#.#
######...$#
###..# ... ..


You could see 3 yaks, a water moccasin (summoned) and a bullfrog.

Vanquished Creatures
  A hornet (D:7)
  A wyvern (D:7)
  A steam dragon (D:7)
  A water moccasin (D:7)
  2 ice beasts
  An orc warrior (D:7)
  An ogre (D:6)
  A centaur (D:7)
  2 kobold brigands (D:7)
  2 bullfrogs
  4 scorpions
  3 wights (D:6)
  2 vampire bats (D:3)
  An orc priest (D:7)
  2 hounds
  2 sleepcaps
  2 orc wizards (D:8)
  Natasha (thrice) (D:3)
  4 iguanas
  11 adders
  3 white imps
  2 worms
  3 dart slugs
  12 orcs
  2 bat skeletons (D:3)
  3 bat zombies (D:3)
  2 endoplasms (D:2)
  2 giant cockroaches (D:1)
  5 goblins
  5 hobgoblins
  5 jackals
  3 quokkas
  2 ball pythons (D:1)
  A bat (D:1)
  3 frilled lizards
  21 kobolds
  4 rats
125 creatures vanquished.

Vanquished Creatures (others)
  An orc (D:8)
1 creature vanquished.

Grand Total: 126 creatures vanquished

Notes
Turn   | Place    | Note
-------+----------+-------------------------------------------
     0 | D:1      | qw the Gargoyle Fighter began the quest for the Orb.
     0 | D:1      | Reached XP level 1. HP: 14/14 MP: 1/1
     0 | D:1      | 0 ||| qw: Version: 0.2-a-98-g5d7165a
     0 | D:1      | 0 ||| qw: Game counter: 30
     0 | D:1      | 0 ||| qw: Always use a shield: true
     0 | D:1      | 0 ||| qw: God list: Okawaru
     0 | D:1      | 0 ||| qw: Allow faded altars: false
     0 | D:1      | 0 ||| qw: Do Orc after D:15 true
     0 | D:1      | 0 ||| qw: Do second Lair branch before Depths: true
     0 | D:1      | 0 ||| qw: Lair rune preference: random
     0 | D:1      | 0 ||| qw: Plans: Normal, Zot:1-4, God:TSO, Crypt, Tomb,
                  | Pan, Slime:5, Hells, Abyss, Win
     0 | D:1      | 0 ||| PLANNING D:1-11
    85 | D:1      | Reached skill level 2 in Axes
   151 | D:1      | 151 ||| Stepping ~*~*~tactically~*~*~ (stealth).
   152 | D:1      | 152 ||| Stepping ~*~*~tactically~*~*~ (stealth).
   171 | D:1      | 171 ||| Stepping ~*~*~tactically~*~*~ (stealth).
   180 | D:1      | 180 ||| Stepping ~*~*~tactically~*~*~ (stealth).
   182 | D:1      | 182 ||| Stepping ~*~*~tactically~*~*~ (stealth).
   197 | D:1      | 197 ||| DROPPING +0 club.
   245 | D:1      | Reached XP level 2. HP: 18/19 MP: 2/2
   293 | D:1      | 293 ||| Stepping ~*~*~tactically~*~*~ (hiding).
   512 | D:1      | Reached skill level 3 in Axes
   536 | D:1      | Reached XP level 3. HP: 23/23 MP: 3/3
   744 | D:1      | 744 ||| Stepping ~*~*~tactically~*~*~ (hiding).
   746 | D:1      | 746 ||| Stepping ~*~*~tactically~*~*~ (hiding).
  1071 | D:1      | 1071 ||| DROPPING ring of wizardry.
  1072 | D:1      | 1072 ||| READING scroll labelled KAUHOBLEXES.
  1076 | D:1      | 1076 ||| READING scroll labelled TAEZES TAXO.
  1077 | D:1      | 1077 ||| READING scroll labelled TUZEQOZ EHEA.
  1178 | D:1      | 1178 ||| DRINKING 2 murky black potions.
  1179 | D:1      | 1179 ||| DROPPING potion of degeneration.
  1670 | D:2      | Reached XP level 4. HP: 28/28 MP: 4/4
  1860 | D:2      | 1860 ||| UPGRADING to +0 chain mail.
  1870 | D:2      | 1870 ||| DROPPING +0 scale mail.
  1871 | D:2      | 1871 ||| UPGRADING to +2 hat of stealth.
  1876 | D:2      | 1876 ||| READING scroll labelled JUEHOO FAPHU.
  1877 | D:2      | 1877 ||| DRINKING 2 grey potions.
  1939 | D:3      | 1939 ||| STAIRDANCE
  2046 | D:3      | Reached skill level 1 in Throwing
  2168 | D:3      | Noticed Natasha
  2182 | D:3      | Killed Natasha
  2183 | D:3      | Reached skill level 4 in Axes
  2344 | D:3      | You fall into a shaft and drop 3 floors!
  2380 | D:6      | Noticed a scorpion
  2383 | D:6      | Killed a scorpion
  2383 | D:6      | Noticed an ogre
  2384 | D:6      | Reached XP level 5. HP: 31/32 MP: 5/5
  2386 | D:6      | Noticed an ice beast
  2388 | D:6      | Killed an ogre
  2389 | D:6      | Reached skill level 5 in Axes
  2389 | D:6      | Reached XP level 6. HP: 31/37 MP: 6/6
  2394 | D:6      | Killed an ice beast
  2416 | D:6      | Reached skill level 6 in Axes
  2416 | D:6      | Reached XP level 7. HP: 34/43 MP: 7/7
  2420 | D:6      | Reached skill level 1 in Dodging
  2565 | D:6      | 2565 ||| UPGRADING to +0 cloak.
  2578 | D:5      | Entered Level 5 of the Dungeon
  2863 | D:5      | 2863 ||| Stepping ~*~*~tactically~*~*~ (stealth).
  3014 | D:5      | 3014 ||| READING scroll labelled WEPRYE POZERE.
  3015 | D:5      | 3015 ||| READING 2 scrolls of identify.
  3015 | D:5      | 3015 ||| IDENTIFYING sedimented golden potion
  3016 | D:5      | 3016 ||| DROPPING potion of magic.
  3144 | D:3      | Noticed Natasha
  3156 | D:3      | Killed Natasha
  3238 | D:3      | Reached skill level 7 in Axes
  3246 | D:3      | Found an ancient bone altar of Kikubaaqudgha.
  3438 | D:3      | Noticed Natasha
  3439 | D:3      | 3439 ||| Stepping ~*~*~tactically~*~*~ (hiding).
  3450 | D:3      | Killed Natasha
  3674 | D:4      | Found a snail-covered altar of Cheibriados.
  3674 | D:4      | Found a white marble altar of Elyvilon.
  3674 | D:4      | Found an ornate altar of the Wu Jian Council.
  3680 | D:4      | Reached XP level 8. HP: 49/49 MP: 8/8
  3812 | D:4      | Found a broken altar of Ashenzari.
  4244 | D:4      | 4244 ||| DROPPING amulet of faith.
  4245 | D:4      | 4245 ||| UPGRADING to ring of willpower.
  4246 | D:4      | 4246 ||| DRINKING 2 fuming white potions.
  4246 | D:4      | Gained mutation: You have hidden genetic potential. [potion
                  | of mutation]
  4246 | D:4      | Gained mutation: You are partially covered in iridescent
                  | scales. (AC +2) [potion of mutation]
  4247 | D:4      | 4247 ||| DRINKING 2 amethyst potions.
  4248 | D:4      | 4248 ||| DRINKING 3 murky puce potions.
  4249 | D:4      | 4249 ||| DROPPING 2 potions of brilliance.
  4304 | D:5      | 4304 ||| Stepping ~*~*~tactically~*~*~ (hiding).
  4543 | D:5      | 4543 ||| Stepping ~*~*~tactically~*~*~ (stealth).
  4544 | D:5      | 4544 ||| Stepping ~*~*~tactically~*~*~ (stealth).
  4551 | D:5      | 4551 ||| Stepping ~*~*~tactically~*~*~ (stealth).
  4760 | D:6      | Found a radiant altar of Vehumet.
  4909 | D:6      | 4909 ||| Stepping ~*~*~tactically~*~*~ (stealth).
  4923 | D:6      | Found a staircase to the Ecumenical Temple.
  4924 | D:6      | 4924 ||| PLANNING TEMPLE
  4924 | D:6      | 4924 ||| DROPPING amulet of magic regeneration.
  4925 | D:6      | 4925 ||| READING scroll labelled IWKENL YV NEIP.
  4926 | D:6      | 4926 ||| DRINKING 2 sedimented green potions.
  4973 | Temple   | Entered the Ecumenical Temple
  5138 | Temple   | 5138 ||| PLANNING D:1-11
  5191 | D:6      | Found Ottetrog's Assorted Antiques.
  5198 | D:6      | 5198 ||| SHOPLISTING 3 potions of mutation (720 gold, have
                  | 273).
  5198 | D:6      | 5198 ||| BUYING ruby potion (27 gold).
  5198 | D:6      | Bought a ruby potion for 27 gold pieces
  5198 | D:6      | 5198 ||| BUYING scroll labelled COCVINETYCUE (30 gold).
  5198 | D:6      | Bought a scroll labelled COCVINETYCUE for 30 gold pieces
  5198 | D:6      | 5198 ||| BUYING short lead wand (120 gold).
  5198 | D:6      | Bought a short lead wand for 120 gold pieces
  5254 | D:6      | Identified the +2 short sword "Iqedocow" {venom, Will+}
  5573 | D:6      | 5573 ||| READING scroll labelled COCVINETYCUE.
  5608 | D:6      | 5608 ||| READING scroll labelled ASUMEFO ASERHE.
  5609 | D:6      | 5609 ||| DRINKING 2 ruby potions.
  5714 | D:6      | 5714 ||| READING 3 scrolls of identify.
  5714 | D:6      | 5714 ||| IDENTIFYING brown potion
  5715 | D:6      | 5715 ||| READING 2 scrolls of identify.
  5715 | D:6      | 5715 ||| IDENTIFYING lumpy purple potion
  5716 | D:6      | 5716 ||| DROPPING potion of berserk rage.
  5717 | D:6      | 5717 ||| DROPPING wand of charming (6).
  5777 | D:7      | Reached skill level 8 in Axes
  5856 | D:7      | 5856 ||| Stepping ~*~*~tactically~*~*~ (cloud).
  5866 | D:7      | Reached skill level 6 in Fighting
  5880 | D:7      | Found a burning altar of Makhleb.
  5937 | D:7      | Noticed a wyvern
  5944 | D:7      | Killed a wyvern
  6008 | D:7      | 6008 ||| Stepping ~*~*~tactically~*~*~ (stealth).
  6009 | D:7      | 6009 ||| Stepping ~*~*~tactically~*~*~ (stealth).
  6010 | D:7      | 6010 ||| Stepping ~*~*~tactically~*~*~ (stealth).
  6026 | D:7      | Found a glowing golden altar of the Shining One.
  6045 | D:7      | Found a hazy altar of Hepliaklqana.
  6070 | D:7      | 6070 ||| READING 2 scrolls labelled WEG BUIMUREI.
  6071 | D:7      | 6071 ||| READING scroll of enchant armour.
  6071 | D:7      | 6071 ||| ENCHANTING +0 cloak.
  6076 | D:7      | 6076 ||| READING 3 scrolls labelled VAXUID DUETAUF.
  6077 | D:7      | 6077 ||| READING 2 scrolls of enchant weapon.
  6077 | D:7      | 6077 ||| ENCHANTING +1 war axe of freezing.
  6078 | D:7      | 6078 ||| READING scroll of enchant weapon.
  6078 | D:7      | 6078 ||| ENCHANTING +2 war axe of freezing.
  6079 | D:7      | 6079 ||| READING scroll labelled GICWOYPLUB.
  6099 | D:7      | Noticed a hornet
  6105 | D:7      | Reached XP level 9. HP: 55/55 MP: 9/9
  6112 | D:7      | Killed a hornet
  6132 | D:7      | Gained mutation: Your spells are a little harder to cast,
                  | but a little more powerful. [hidden potential]
  6149 | D:7      | Reached skill level 9 in Axes
  6334 | D:7      | Found a shadowy altar of Dithmenos.
  6337 | D:7      | 6337 ||| Stepping ~*~*~tactically~*~*~ (hiding).
  6338 | D:7      | 6338 ||| Stepping ~*~*~tactically~*~*~ (hiding).
  6340 | D:7      | 6340 ||| Stepping ~*~*~tactically~*~*~ (hiding).
  6341 | D:7      | 6341 ||| Stepping ~*~*~tactically~*~*~ (hiding).
  6342 | D:7      | 6342 ||| Stepping ~*~*~tactically~*~*~ (hiding).
  6343 | D:7      | 6343 ||| Stepping ~*~*~tactically~*~*~ (hiding).
  6391 | D:7      | 6391 ||| Stepping ~*~*~tactically~*~*~ (stealth).
  6401 | D:7      | 6401 ||| READING scroll of enchant weapon.
  6401 | D:7      | 6401 ||| ENCHANTING +3 war axe of freezing.
  6539 | D:7      | Found an iron altar of Okawaru.
  6540 | D:7      | 6540 ||| PLANNING OKAWARU WORSHIP
  6540 | D:7      | 6540 ||| UPGRADING to +0 plate armour.
  6550 | D:7      | 6550 ||| DROPPING +0 chain mail.
  6551 | D:7      | 6551 ||| READING scroll labelled PEIRO OWORY.
  6552 | D:7      | 6552 ||| READING 3 scrolls of identify.
  6552 | D:7      | 6552 ||| IDENTIFYING fuming clear potion
  6553 | D:7      | 6553 ||| DROPPING potion of flight.
  6561 | D:7      | Became a worshipper of Warmaster Okawaru
  6561 | D:7      | 6561 ||| PLANNING D:1-11
  6627 | D:7      | 6627 ||| DROPPING +0 whip.
  6665 | D:7      | 6665 ||| Stepping ~*~*~tactically~*~*~ (stealth).
  6716 | D:8      | Noticed Maurice
  6735 | D:8      | HP: 9/57 [yak[Maurice] (7)]
  6735 | D:8      | Slain by Maurice

Levels and vault maps discovered:
D:1:      nicolae_arrival_somewhat_less_tricky_arrival, layout_loops_ring
D:2:      kennysheep_big_flooded_room, layout_loops_ring, minmay_misc_feat_tiny
D:3:      layout_basic, kennysheep_vampire_church, grunt_ministairs_10,
          kennysheep_decorative_pillar, uniq_natasha
D:4:      layout_basic, mainiacjoe_overflow_catwalk,
          chequers_temple_overflow_statue_of_worship
D:5:      layout_loops_corners
D:6:      layout_cave_pods, nicolae_vehumet_altar_sigil,
          minmay_temple_entry_tees, serial_shops, shop
D:7:      layout_rooms, lemuel_coloured_pillars_altar,
          mainiacjoe_overflow_small_starburst, nicolae_dithmenos_shadow_blocks,
          mainiacjoe_overflow_catwalk_spiral
D:8:      layout_rooms, nicolae_overflow_crystal_walls,
          nemelex_diamond_rough_becter, uniq_maurice
Temple:   nicolae_temple_bog_church

Skill      XL: |  1  2  3  4  5  6  7  8  9 |
---------------+----------------------------+-----
Axes           | 2 3 4 5 6 7 8 9 |  9.0
Throwing       | 1 2 |  2.3
Fighting       | 4 5 6 7 |  7.0
Dodging        | 1 |  1.2
Armour         | 4 |  4.8
Shields        | 4 |  4.2

Action                     |  1- 3 |  4- 6 |  7- 9 || total
---------------------------+-------+-------+-------++-------
  Melee: War axe           |    78 |    55 |   210 ||   343
  Throw: Javelin           |       |    17 |    53 ||    70
    Use: Scroll            |     3 |     1 |    16 ||    20
         Potion            |     1 |     1 |     5 ||     7
 Armour: Scale mail        |    34 |       |       ||    34
         Chain mail        |       |    29 |   133 ||   162
         Plate armour      |       |       |    24 ||    24
  Dodge: Dodged            |    31 |    22 |    91 ||   144
  Block: Buckler           |    13 |    13 |    40 ||    66

Table legend:
 A = Non-vault XP
 B = Vault XP
 C = Vault XP percentage of total XP
 D = Non-vault monster count
 E = Vault monster count
 F = Vault count percentage of total count
                 A         B        C        D         E       F
            +---------+---------+-------+---------+---------+-------
      Total |    3175 |     180 |   5.4 |     114 |      12 |   9.5
            +---------+---------+-------+---------+---------+-------
        D:1 |      42 |       0 |   0.0 |      22 |       0 |   0.0
        D:2 |      27 |      21 |  43.8 |       8 |       4 |  33.3
        D:3 |     137 |     159 |  53.7 |      15 |       8 |  34.8
        D:4 |     112 |       0 |   0.0 |       6 |       0 |   0.0
        D:5 |     320 |       0 |   0.0 |      15 |       0 |   0.0
        D:6 |     792 |       0 |   0.0 |      12 |       0 |   0.0
        D:7 |    1667 |       0 |   0.0 |      32 |       0 |   0.0
        D:8 |      78 |       0 |   0.0 |       4 |       0 |   0.0
            +---------+---------+-------+---------+---------+-------
